 Dungeon Crawl Stone Soup version 0.30.0 (webtiles) character file.

Game seed: 413906424639035158

35427 safid the Gelid (level 13, -2/108 HPs)
             Began as a Merfolk Ice Elementalist on May 5, 2023.
             Was an Elder of Vehumet.
             Slain by a cane toad (5 damage)
             ... on level 4 of the Lair of Beasts.
             The game lasted 00:50:58 (18891 turns).

safid the Gelid (Merfolk Ice Elementalist)         Turns: 18891, Time: 00:50:59

Health: -2/108     AC:  8    Str: 10    XL:     13   Next: 83%
Magic:  0/36       EV: 13    Int: 27    God:    Vehumet [****..]
Gold:   687        SH:  5    Dex: 15    Spells: 18/32 levels left

rFire   . . .        H - +6 whip of Juasiell {pain, Str+2 Int+2}
rCold   . . .        D - +0 buckler
rNeg    . . .        a - +0 robe
rPois   .            g - +0 helmet
rElec   .            f - +0 cloak
rCorr   .            j - +0 pair of gloves of Dramatic Exits {+Blink MP+9 SInv}
SInv    +            L - +2 pair of boots {rampage}
Will    +....        I - amulet of guardian spirit
Stlth   ++           K - ring of willpower
HPRegen 0.38/turn    C - +6 ring of intelligence
MPRegen 0.25/turn

%: guardian spirit, rampage
@: no status effects
A: (nimble swimmer 2), mertail
a: Renounce Religion, Evoke Blink


You were on level 4 of the Lair of Beasts.
You worshipped Vehumet.
Vehumet was greatly pleased with you.
You visited 3 branches of the dungeon, and saw 15 of its levels.
You also visited: Sewer.

You collected 825 gold pieces.
You spent 138 gold pieces at shops.

Inventory:

Hand Weapons
 H - the +6 whip of Juasiell (weapon) {pain, Str+2 Int+2}
   (You found it on level 8 of the Dungeon)

   Str:       It affects your strength (+2).
   Int:       It affects your intelligence (+2).
Missiles
 d - 3 throwing nets
 G - 2 curare-tipped darts
Armour
 a - a +0 robe (worn)
 f - a +0 cloak (worn)
 g - a +0 helmet (worn)
 j - the +0 pair of gloves of Dramatic Exits (worn) {+Blink MP+9 SInv}
   (You acquired it on level 10 of the Dungeon)

   MP:        It affects your magic capacity (+9).
   SInv:      It lets you see invisible.
   +Blink:    It lets you blink.
 v - a +1 pair of boots of flying
 D - a +0 buckler (worn)
 L - a +2 pair of boots of rampaging (worn)
Jewellery
 C - a +6 ring of intelligence (right hand)
 I - an amulet of guardian spirit (around neck)
 K - a ring of willpower (left hand)
 M - a ring of wizardry
 Q - the amulet "Yfegame" {Acrobat Harm SInv}
   (You found it on level 4 of the Lair of Beasts)

   [amulet of the acrobat]

   It increases your evasion while moving and waiting.
   SInv:      It lets you see invisible.
   Harm:      It increases damage dealt and taken.
Wands
 h - a wand of flame (33)
 u - a wand of charming (11)
 A - a wand of mindburst (12)
 F - a wand of light (6)
 N - a wand of roots (10)
Scrolls
 i - 5 scrolls of teleportation
 l - 3 scrolls of magic mapping
 m - 5 scrolls of amnesia
 o - a scroll of fog
 q - 2 scrolls of brand weapon
 t - 2 scrolls of enchant weapon
 w - 3 scrolls of fear
 y - 2 scrolls of summoning
 J - 2 scrolls of enchant armour
 O - a scroll of blinking {unknown}
Potions
 b - a potion of magic
 c - 6 potions of curing
 e - 3 potions of might {unknown}
 k - 3 potions of brilliance
 n - 2 potions of berserk rage {unknown}
 p - 4 potions of mutation
 r - 3 potions of attraction {unknown}
 s - 3 potions of degeneration {unknown}
 x - 2 potions of haste {unknown}
 z - 3 potions of heal wounds
 B - a potion of flight {unknown}
 E - 2 potions of lignification {unknown}
 P - 2 potions of ambrosia {unknown}


   Skills:
 - Level 12.0 Fighting
 - Level 4.0 Dodging
 - Level 2.1 Stealth
 - Level 4.0 Shields
 - Level 10.0 Spellcasting
 + Level 10.6 Transmutations
 + Level 15.8 Ice Magic
 - Level 6.0 Evocations


You had 18 spell levels left.
You knew the following spells:

 Your Spells              Type           Power      Damage    Failure   Level
a - Freeze                Ice            100%       1d10      0%          1
b - Frozen Ramparts       Ice            100%       1d16      1%          3
c - Ozocubu's Armour      Ice            78%        N/A       1%          3
d - Dragon Form           Tmut           31%        N/A       54%         7

Your spell library contained the following spells:

 Spells                   Type           Power      Damage    Failure   Level
 Lee's Rapid Deconstruct  Erth           6%         3d6*      38%         5
 Foxfire                  Conj/Fire      52%        2x1d6     1%          1
 Ensorcelled Hibernation  Hex/Ice        100%       N/A       1%          2
 Passwall                 Tmut/Erth      35%        N/A       1%          2
 Spider Form              Tmut/Pois      42%        N/A       1%          3
 Poisonous Vapours        Pois/Air       26%        N/A       2%          2
 Static Discharge         Conj/Air       26%        2-4/arc   2%          2
 Summon Ice Beast         Ice/Summ       54%        N/A       2%          4
 Mephitic Cloud           Conj/Pois/Air  13%        N/A       5%          3
 Stone Arrow              Conj/Erth      26%        3d8       5%          3
 Freezing Cloud           Conj/Ice/Air   21%        6-21      5%          5
 Summon Small Mammal      Summ           52%        N/A       6%          1
 Lesser Beckoning         Tloc           26%        N/A       9%          2
 Airstrike                Air            6%         2d(1-17)  16%         4
 Call Canine Familiar     Summ           13%        N/A       19%         3
 Gell's Gravitas          Tloc           13%        N/A       19%         3
 Summon Guardian Golem    Hex/Summ       13%        N/A       19%         3
 Swiftness                Air            13%        N/A       19%         3
 Teleport Other           Tloc           13%        N/A       19%         3
 Fireball                 Conj/Fire      6%         3d5       38%         5
 Anguish                  Hex/Necr       6%         N/A       52%         4
 Animate Armour           Summ/Erth      26%        N/A       52%         4
 Cause Fear               Hex            6%         N/A       52%         4
 Summon Lightning Spire   Summ/Air       13%        N/A       52%         4
 Summon Forest            Summ/Tloc      6%         N/A       86%         5
 Summon Mana Viper        Hex/Summ       13%        N/A       86%         5
 Plasma Beam              Fire/Air       6%         2x1d18    89%         6
 Starburst                Conj/Fire      6%         6d4       89%         6
 Summon Cactus Giant      Summ           6%         N/A       100%        6
 Lehudib's Crystal Spear  Conj/Erth      6%         10d3      100%        8
 Dragon's Call            Summ           6%         N/A       100%        9


Dungeon Overview and Level Annotations

Branches:
Dungeon (10/15)            Temple (1/1) D:6            Lair (4/5) D:8
 Shoals (0/4) Lair:2       Spider (0/4) Lair:3        Slime (0/5) Lair:4
    Orc (0/2) D:10          Sewer (visited)

Altars:
Ashenzari
Cheibriados
Dithmenos
Elyvilon
Fedhas
Gozag
Hepliaklqana
Kikubaaqudgha
Makhleb
Nemelex Xobeh
Okawaru
Qazlal
Ru
Sif Muna
Trog
Uskayaw
Vehumet
Wu Jian
Xom
Yredelemnul
Zin
The Shining One
Jiyva

Shops:
D:6 [

Annotations:
D:7 exclusion: oklob plant


Innate Abilities, Weirdness & Mutations

((You are very nimble when in or above water. (Stealth+, EV+, Speed+++)))
Your lower body shifts to a powerful aquatic tail in water.


Message History

The four-headed hydra bites you!
* * * LOW HITPOINT WARNING * * *
Casting: Freeze (safe; 0% risk of failure)
Confirm with . or Enter, or press ? or * to list all spells.
Aiming: Freeze (safe; 0% risk of failure)
Press: ? - help, Shift-Dir - straight line, f/p - four-headed hydra
Aim: a four-headed hydra (almost dead, slow)
You freeze the four-headed hydra!
You kill the four-headed hydra!
Vehumet accepts your kill.
You feel your power returning.
The wall freezes the black mamba.
The black mamba seems to slow down.
The black mamba bites you but does no damage.
The wall freezes the death yak!
The wall freezes the dream sheep!
As you read the scroll of teleportation, it crumbles to dust.
You feel strangely unstable.
The wall freezes the black mamba.
You block the black mamba's attack.
The wall freezes the death yak.
The wall freezes the dream sheep.
The dream sheep ruffles its wool and motes of dream dust sparkle, to no effect.
You miss the black mamba.
The black mamba is moderately wounded.
The frozen ramparts melt away.
The black mamba bites you but does no damage.
You barely miss the black mamba.
The black mamba is lightly wounded.
The black mamba bites you.
* * * LOW HITPOINT WARNING * * *
You hit the death yak.
You kill the death yak!
Vehumet accepts your kill. The bullfrog misses you.
You closely miss the bullfrog.
Your surroundings suddenly seem different.
A cane toad and a komodo dragon come into view.
An eight-headed hydra comes into view.
The eight-headed hydra roars!
The komodo dragon hisses angrily.
The cane toad stings you!
* * * LOW HITPOINT WARNING * * *
The cane toad stings you!
You die...

..##.#.##♣♣..♣♣ ..♣♣#..PP.#..
..#♣#.#♣ ♣♣..♣♣ ♣..♣ ..!..#..
..#♣♣.♣♣ ♣♣..♣♣ ♣..♣ .$.##..
..#♣.♣.♣# ♣♣..♣♣.D♣ .$.##..
..#.♣♣♣.# ♣♣....♣ .###..
..#♣.♣.♣# ♣♣..♣♣ .♣ #.. ..#♣♣.♣♣
♣l♣♣ #.. ..####### #♣F♣# ### #..
..#.....#♣♣♣♣♣♣.@.♣♣♣♣♣♣ ♣.♣ #..
..#.♣♣♣.♣♣.♣.♣.~~~.♣.♣.♣♣♣♣.♣♣#..
....♣ ♣........~~~.........♣.†...
..#.♣♣♣.♣♣.♣.♣.~~~.♣.♣.♣♣♣♣.♣♣#..
..#.....#♣♣♣♣♣♣...♣♣♣♣♣♣ ♣.♣ #..
..#############################..
.................................
.................................
.................................


You could see a komodo dragon and a cane toad.

Vanquished Creatures
  4 hydras (Lair:4)
  3 two-headed ogres (D:10)
  A boulder beetle (Lair:4)
  A death yak (Lair:4)
  Nergalle (Lair:1)
  2 skysharks
  A lindwurm (Lair:3)
  A cyclops (D:8)
  5 elephants (Lair:4)
  3 black mambas
  A torpor snail (Lair:3)
  Maggie (Lair:1)
  3 rime drakes (Lair:4)
  9 cane toads
  10 komodo dragons
  2 trolls (D:8)
  2 burning bushes (Lair:4)
  2 polar bears
  A hornet (D:9)
  22 blink frogs
  3 shadows
  2 wyverns
  2 basilisks
  30 yaks
  Eustachio (D:4)
  A vampire mosquito (D:10)
  2 wraiths (D:10)
  3 steam dragons
  2 redbacks (Lair:3)
  14 water moccasins
  4 black bears
  An ice beast (D:7)
  An ogre (D:6)
  A sky beast (D:8)
  4 centaurs
  4 wolves (D:8)
  2 phantoms (D:10)
  7 kobold brigands
  2 gnoll sergeants
  11 bullfrogs
  3 scorpions
  2 troll zombies (D:10)
  4 killer bees (D:8)
  3 electric eels
  6 howler monkeys
  4 jellies
  9 orc priests
  6 hounds
  A gnoll bouda (D:6)
  4 iguanas
  10 orc wizards
  6 ogre zombies (D:10)
  10 adders
  19 gnolls
  4 river rats
  A worm (D:3)
  A dart slug (D:4)
  39 orcs
  17 ball pythons
  7 endoplasms
  3 giant cockroaches
  7 goblins
  8 hobgoblins
  2 jackals (D:5)
  5 quokkas
  2 bats
  13 frilled lizards
  2 goblin skeletons (D:10)
  3 goblin zombies (D:10)
  4 hobgoblin skeletons (D:10)
  2 hobgoblin zombies (D:10)
  35 kobolds
  2 orc skeletons (D:10)
  12 orc zombies (D:10)
  11 rats
439 creatures vanquished.

Vanquished Creatures (others)
  A wizard (D:5)
  A bush (Lair:3)
  18 fungi
  42 plants
  12 toadstools (D:7)
74 creatures vanquished.

Grand Total: 513 creatures vanquished

Notes
Turn   | Place    | Note
-------+----------+-------------------------------------------
     0 | D:1      | safid the Merfolk Ice Elementalist began the quest for the
                  | Orb.
     0 | D:1      | Reached XP level 1. HP: 13/13 MP: 3/3
   253 | D:1      | Reached XP level 2. HP: 13/20 MP: 3/5
   314 | D:1      | Reached skill level 1 in Fighting
   658 | D:1      | Reached XP level 3. HP: 26/26 MP: 4/6
  1436 | D:2      | Found a hazy altar of Hepliaklqana.
  1754 | D:3      | Reached skill level 5 in Ice Magic
  1863 | D:3      | Reached XP level 4. HP: 30/33 MP: 5/8
  1867 | D:3      | Found a glowing drain.
  1918 | D:3      | HP: 1/33 [river rat (5)]
  2008 | Sewer    | Entered a sewer
  2251 | Sewer    | Reached XP level 5. HP: 39/39 MP: 5/9
  2757 | D:3      | Learned a level 3 spell: Frozen Ramparts
  2761 | D:3      | Learned a level 3 spell: Ozocubu's Armour
  2899 | D:3      | Reached XP level 6. HP: 41/47 MP: 11/11
  3396 | D:4      | Reached skill level 6 in Ice Magic
  3542 | D:4      | Noticed a black bear
  3558 | D:4      | Killed a black bear
  3559 | D:4      | Reached XP level 7. HP: 47/55 MP: 4/13
  3656 | D:4      | Noticed Eustachio
  3692 | D:4      | Killed Eustachio
  3868 | D:4      | Reached skill level 5 in Fighting
  3948 | D:4      | Reached skill level 7 in Ice Magic
  3951 | D:4      | Reached skill level 5 in Spellcasting
  3951 | D:4      | Reached XP level 8. HP: 45/62 MP: 9/15
  4196 | D:4      | Found a broken altar of Ashenzari.
  4196 | D:4      | Found a burning altar of Makhleb.
  4196 | D:4      | Found a shimmering blue altar of Sif Muna.
  4366 | D:5      | Entered Level 5 of the Dungeon
  4502 | D:5      | Found a glowing golden altar of the Shining One.
  4607 | D:5      | Found an iron altar of Okawaru.
  4998 | D:5      | Found a bloodstained altar of Trog.
  5090 | D:5      | Noticed a wizard
  5092 | D:5      | Killed a wizard
  5202 | D:5      | Found a shimmering altar of Xom.
  5683 | D:6      | Reached skill level 8 in Ice Magic
  5901 | D:6      | Reached XP level 9. HP: 69/71 MP: 10/18
  6002 | D:6      | Found a shadowy altar of Dithmenos.
  6365 | D:6      | Found a staircase to the Ecumenical Temple.
  6506 | Temple   | Entered the Ecumenical Temple
  6525 | D:6      | Found Ophaocop's Armour Shop.
  6558 | D:6      | Bought a +0 pair of boots of flying for 138 gold pieces
  6931 | D:7      | Found a radiant altar of Vehumet.
  6947 | D:7      | Became a worshipper of Vehumet
  7044 | D:7      | Reached skill level 9 in Ice Magic
  7202 | D:7      | Identified the -1 pair of gloves "Nijug" {Regen+ Str+3
                  | Dex-3}
  7571 | D:7      | Found a blossoming altar of Fedhas.
  7585 | D:7      | Noticed an oklob plant
  7683 | D:8      | Noticed a troll
  7694 | D:8      | Killed a troll
  7950 | D:8      | Found a staircase to the Lair.
  7966 | D:8      | Reached * piety under Vehumet
  7966 | D:8      | Offered knowledge of Kiss of Death by Vehumet.
  8004 | D:7      | Reached XP level 10. HP: 40/82 MP: 18/21
  8277 | D:8      | Reached skill level 10 in Ice Magic
  8664 | D:8      | Noticed a cyclops
  8680 | D:8      | Killed a cyclops
  8827 | D:8      | Identified the +6 whip of Juasiell {pain, Str+2 Int+2}
  9267 | D:9      | Offered knowledge of Magic Dart by Vehumet.
  9314 | D:9      | Found a hide-covered altar of Uskayaw.
  9376 | D:9      | Reached ** piety under Vehumet
  9524 | D:9      | Reached skill level 11 in Ice Magic
  9606 | D:9      | Reached skill level 10 in Fighting
 10372 | D:10     | Entered Level 10 of the Dungeon
 10372 | D:10     | Found a staircase to the Orcish Mines.
 10385 | D:10     | Reached skill level 12 in Ice Magic
 10385 | D:10     | Noticed a two-headed ogre
 10489 | D:10     | Identified a scroll of acquirement
 10490 | D:10     | Acquired the +0 pair of gloves of Dramatic Exits {+Blink
                  | MP+9 SInv}
 10664 | D:10     | Reached XP level 11. HP: 83/90 MP: 23/23
 10696 | D:10     | Offered knowledge of Momentum Strike by Vehumet.
 10767 | D:10     | Noticed a two-headed ogre
 10799 | D:10     | Reached skill level 1 in Evocations
 10825 | D:10     | Reached skill level 1 in Shields
 10863 | D:10     | Reached *** piety under Vehumet
 10890 | D:10     | Killed a two-headed ogre
 11122 | D:10     | Noticed a two-headed ogre
 11132 | D:10     | Offered knowledge of Ignite Poison by Vehumet.
 11264 | D:10     | Killed a two-headed ogre
 11272 | D:10     | Upgraded the game from 0.30-b1-7-gcb88a99046 to 0.30.0
 11535 | D:10     | Killed a two-headed ogre
 12174 | Lair:1   | Entered Level 1 of the Lair of Beasts
 12236 | Lair:1   | Noticed Nergalle
 12253 | Lair:1   | Killed Nergalle
 12254 | Lair:1   | Reached skill level 13 in Ice Magic
 12259 | Lair:1   | Reached skill level 5 in Evocations
 12522 | Lair:1   | Reached **** piety under Vehumet
 12655 | Lair:1   | Learned a level 7 spell: Dragon Form
 12768 | Lair:1   | Noticed Maggie
 12778 | Lair:1   | Killed Maggie
 13016 | Lair:1   | Reached skill level 1 in Transmutations
 13368 | Lair:2   | Offered knowledge of Dazzling Flash by Vehumet.
 13370 | Lair:2   | Reached XP level 12. HP: 97/97 MP: 24/24
 14186 | Lair:2   | Reached skill level 5 in Transmutations
 14186 | Lair:2   | Reached skill level 14 in Ice Magic
 14282 | Lair:2   | Found a staircase to the Shoals.
 14825 | Lair:3   | Reached ***** piety under Vehumet
 14825 | Lair:3   | Offered knowledge of Lee's Rapid Deconstruction by Vehumet.
 15186 | Lair:3   | Reached XP level 13. HP: 105/106 MP: 26/26
 15201 | Lair:3   | Found a hole to the Spider Nest.
 17359 | Lair:4   | Reached skill level 10 in Spellcasting
 17491 | Lair:4   | Reached skill level 15 in Ice Magic
 17943 | Lair:4   | Found a viscous altar of Jiyva.
 17969 | Lair:4   | Found a staircase to the Slime Pits.
 18609 | Lair:4   | Reached skill level 10 in Transmutations
 18810 | Lair:4   | Identified the amulet "Yfegame" {Acrobat Harm SInv}
 18889 | Lair:4   | HP: 2/108 [cane toad (13)]
 18891 | Lair:4   | Slain by a cane toad

Illustrated notes

Levels and vault maps discovered:
D:1:      dpeg_arrival_solitude, layout_basic, minmay_ruptured
D:2:      layout_basic, basic_altar, hangedman_decor_growths, grunt_ministairs_7
D:3:      layout_loops_ring, portal_sewer_entry_c
D:4:      layout_basic, gammafunk_temple_overflow_claw, grunt_ministairs_1,
          uniq_eustachio
D:5:      wander_river, layout_loops_ring, lemuel_coloured_pillars_altar,
          mainiacjoe_overflow_paths, hellmonk_okawaru_the_only_friend_you_need,
          trog_wizard
D:6:      cheibrodos_iron_armory, layout_basic,
          mainiacjoe_overflow_surrounded_room, minmay_temple_entry_overgrown,
          serial_shops, shop
D:7:      layout_basic, tgw_fedhas, nicolae_vehumet_radiance, kennysheep_nub,
          grunt_ministairs_14
D:8:      layout_cave_pools, erik_lair_island
D:9:      layout_small_grid, eat_drink_and_be_merry_uskayaw,
          nicolae_figureground_sparkle
D:10:     minmay_recursive_quarters, layout_cave_pools, zombieorc2_lemuel
Temple:   minmay_freezing_vapour_temple
Lair:1:   layout_gridlike, bh_autumn_forest_stairs, uniq_nergalle, uniq_maggie
Lair:2:   layout_roguey, shoals_dummy_entry, grunt_megastairs_2,
          lemuel_fruit_tree
Lair:3:   layout_long_grid, spider_nest_entry_webs,
          chequers_serial_rivers_micro_d, grunt_megastairs_5,
          serial_bayou_shore_a
Lair:4:   nzn_winding_woodlands_large [nzn_winding_woodlands_5x5_cross,
          nzn_winding_woodlands_5x15_pool, nzn_winding_woodlands_5x5_perimeter,
          nzn_winding_woodlands_center_garden,
          nzn_winding_woodlands_15x15_thick_spiral,
          nzn_winding_woodlands_center_diamonds,
          nzn_winding_woodlands_5x5_closed_star,
          nzn_winding_woodlands_5x15_jagged, nzn_winding_woodlands_5x5_default],
          layout_regular_city, slime_entry_1, chequers_serial_rivers_micro_e,
          evilmike_ambush [evilmike_ambush_outer_basic,
          evilmike_ambush_inner_basic]

Skill      XL: |  1  2  3  4  5  6  7  8  9 10 11 12 13 |
---------------+----------------------------------------+-----
Fighting       | 1 2 3 4 5 6 8 10 11 12 | 12.0
Ice Magic      | 5 6 7 8 9 12 13 14 15 | 15.8
Spellcasting   | 3 4 5 6 7 8 9 10 | 10.0
Dodging        | 4 |  4.0
Evocations     | 5 6 |  6.0
Shields        | 4 |  4.0
Transmutations | 2 6 10 | 10.6
Stealth        | |  2.1

Action                     |  1- 3 |  4- 6 |  7- 9 | 10-12 | 13-15 || total
---------------------------+-------+-------+-------+-------+-------++-------
  Melee: Unarmed           |     6 |       |       |       |       ||     6
         Dagger            |    17 |       |   104 |    49 |       ||   170
         Short sword       |     7 |   109 |    68 |       |       ||   184
         Tailslap          |       |     1 |     2 |       |       ||     3
         Punch             |       |       |     2 |     1 |       ||     3
         Whip              |       |       |       |   478 |   118 ||   596
   Cast: Freeze            |    52 |    27 |     5 |    50 |   143 ||   277
         Frozen Ramparts   |       |     7 |    48 |    80 |    39 ||   174
         Ozocubu's Armour  |       |     2 |    18 |    51 |    21 ||    92
    Use: Potion            |       |     3 |       |     7 |     1 ||    11
         Scroll            |       |       |    12 |    11 |     2 ||    25
   Stab: Sleeping          |     4 |     4 |     5 |     1 |       ||    14
 Armour: Robe              |     7 |    25 |    61 |   263 |   149 ||   505
  Dodge: Dodged            |    45 |    80 |   128 |   384 |   207 ||   844
  Block: Buckler           |       |       |       |   108 |    63 ||   171
